 Dungeon Sprint DCSS version 0.20-a0-1078-g4874019 (webtiles) character file.

616 tinyrick the Blocker (level 7, -7/61 HPs)
             Began as a Formicid Fighter on May 1, 2017.
             Was an Initiate of Okawaru.
             Mangled by a deep troll (18 damage)
             ... in the Dungeon (Sprint I: "Red Sonja").
             The game lasted 00:05:51 (687 turns).

tinyrick the Blocker (Formicid Fighter)              Turns: 687, Time: 00:05:53

Health: -7/61      AC:  8    Str: 21    XL:     7   Next: 73%
Magic:  7/7        EV: 10    Int:  8    God:    Okawaru [......]
Gold:   335        SH: 12    Dex: 11    Spells: 6/6 levels left

rFire    . . .     SeeInvis +   b - +0 scythe
rCold    . . .     Gourm    .   c - +0 shield
rNeg     . . .     Faith    .   l - +0 scale mail
rPois    .         Spirit   .   (helmet unavailable)
rElec    .         Reflect  .   (no cloak)
rCorr    .         Harm     .   (no gloves)
MR       .....                  (no boots)
Stlth    ..........             (no amulet)
Regen    0.2/turn               (no ring)
MPRegen  0.1/turn               (no ring)

@: no status effects
A: permanent stasis, dig shafts and tunnels, four strong arms, antennae 3
a: Dig, Renounce Religion


You were in the Dungeon.
You worshipped Okawaru.
Okawaru was noncommittal.
You were not hungry.

You visited 1 branch You collected 335 gold pieces.

Inventory:

Hand Weapons
 a - a +0 trident
 b - a +0 scythe (weapon)
Armour
 c - a +0 shield (worn)
 l - a +0 scale mail (worn)
Scrolls
 k - a scroll of blinking
 m - a scroll of vulnerability {unknown}
Potions
 d - a potion of brilliance {unknown}
 e - a potion of curing
 g - a potion of heal wounds
 h - a potion of haste
 i - 2 potions of magic
 j - a potion of berserk rage
Comestibles
 f - a bread ration


   Skills:
 * Level 7.9 Fighting
 + Level 9.6 Polearms
 * Level 7.7 Armour
 + Level 2.0 Dodging
 - Level 10.5 Shields


You had 6 spell levels left.
You didn't know any spells.

Dungeon Overview and Level Annotations

Branches:
Dungeon (1/1)

Altars:
Cheibriados
Dithmenos
Elyvilon
Fedhas
Gozag
Hepliaklqana
Kikubaaqudgha
Makhleb
Nemelex Xobeh
Okawaru
Qazlal
Ru
Sif Muna
Trog
Uskayaw
Vehumet
Wu Jian
Xom
Yredelemnul
Zin
The Shining One
Jiyva
Lugonu

Shops:
D }[


Innate Abilities, Weirdness & Mutations

You cannot be hasted, slowed, berserked, paralysed or teleported.
You can dig through walls and to a lower floor.
Your four strong arms can wield two-handed weapons with a shield.
You have a pair of large antennae on your head. (SInv)


Message History

You slash the deep troll!
The deep troll is moderately wounded.
The deep troll bites you.
The deep troll claws you but does no damage. x2
You slash the deep troll!
The deep troll is heavily wounded.
You block the deep troll's attack. The deep troll barely misses you.
The deep troll claws you. The deep troll bites you!
The deep troll barely misses you. The deep troll claws you!
You hit the deep troll.
The deep troll is heavily wounded.
You block the deep troll's attack. The deep troll claws you!
The deep troll claws you.
You hit the deep troll but do no damage.
The deep troll is heavily wounded.
The deep troll bites you. You block the deep troll's attack.
The deep troll claws you!
* * * LOW HITPOINT WARNING * * *
The deep troll bites you!!
You die...

####+#####'#__# { {
### #...#.#### {{
__####..##(# {
_____##'#_.+ {
_.∩...'..._# {
_..__##_.#'##+#### {
_____###+#...)(..##{
###### ####+###.##
+$$.$T@.∩# {
########## { { {{ {
{ { {


{{{{ { {{{ You could see a deep troll.

Vanquished Creatures
  A slime creature (D)
  Sigmund (D)
  A yak (D)
  An ogre (D)
  A jelly (D)
  Ijyb (D)
6 creatures vanquished.

Notes
Turn   | Place    | Note
-------+----------+-------------------------------------------
     0 | D        | tinyrick the Formicid Fighter began the quest for the Orb.
     0 | D        | Reached XP level 1. HP: 18/18 MP: 1/1
     2 | D        | Noticed Ijyb
    21 | D        | Killed Ijyb
    21 | D        | Reached skill level 5 in Shields
    21 | D        | Reached XP level 2. HP: 25/25 MP: 2/2
    21 | D        | Reached XP level 3. HP: 30/30 MP: 3/3
    38 | D        | Noticed an ogre
    42 | D        | Killed an ogre
    42 | D        | Reached skill level 5 in Fighting
    42 | D        | Reached skill level 5 in Polearms
    42 | D        | Reached skill level 1 in Dodging
    42 | D        | Reached skill level 7 in Shields
    42 | D        | Reached XP level 4. HP: 27/39 MP: 4/4
    42 | D        | Reached XP level 5. HP: 30/44 MP: 5/5
   145 | D        | Found a basalt altar of Yredelemnul.
   145 | D        | Found a hide-covered altar of Uskayaw.
   145 | D        | Found a hazy altar of Hepliaklqana.
   145 | D        | Found a shadowy altar of Dithmenos.
   145 | D        | Found an ancient bone altar of Kikubaaqudgha.
   145 | D        | Found a sacrificial altar of Ru.
   145 | D        | Found a snail-covered altar of Cheibriados.
   145 | D        | Found Suekij's Gadget Emporium.
   145 | D        | Found an opulent altar of Gozag.
   145 | D        | Found a sparkling altar of Nemelex Xobeh.
   145 | D        | Found a glowing golden altar of the Shining One.
   145 | D        | Found an iron altar of Okawaru.
   145 | D        | Found a bloodstained altar of Trog.
   145 | D        | Found a blossoming altar of Fedhas.
   145 | D        | Found a stormy altar of Qazlal.
   145 | D        | Found a white marble altar of Elyvilon.
   145 | D        | Found a glowing silver altar of Zin.
   145 | D        | Noticed a yak
   166 | D        | Killed a yak
   166 | D        | Reached skill level 5 in Armour
   166 | D        | Reached skill level 9 in Shields
   166 | D        | Reached XP level 6. HP: 29/53 MP: 6/6
   329 | D        | Found a deep blue altar of Sif Muna.
   329 | D        | Found a radiant altar of Vehumet.
   329 | D        | Found an ornate altar of the Wu Jian Council.
   459 | D        | Became a worshipper of Warmaster Okawaru
   494 | D        | Noticed Sigmund
   500 | D        | Killed Sigmund
   500 | D        | Reached skill level 10 in Shields
   500 | D        | Reached XP level 7. HP: 51/60 MP: 7/7
   547 | D        | Found a burning altar of Makhleb.
   547 | D        | Found a viscous altar of Jiyva.
   547 | D        | Found a shimmering altar of Xom.
   547 | D        | Found a corrupted altar of Lugonu.
   547 | D        | Noticed a slime creature
   554 | D        | Killed a slime creature
   675 | D        | Found Emuuh's Armour Emporium.
   682 | D        | Noticed a deep troll
   687 | D        | Mangled by a deep troll

Vault maps used:
D:        dungeon_sprint_1

Skill      XL: |  1  2  3  4  5  6  7 |
---------------+----------------------+-----
Fighting       | 4 5 6 7 |  7.9
Polearms       | 3 5 7 8 9 |  9.6
Armour         | 4 5 6 7 |  7.7
Shields        | 5 7 9 10 | 10.5
Dodging        | 1 2 |  2.0

Action                   |  1- 3 |  4- 6 |  7- 9 || total
-------------------------+-------+-------+-------++-------
Melee: Trident           |    24 |    29 |       ||    53
       Scythe            |       |       |    11 ||    11
 Abil: Dig               |       |     2 |     1 ||     3
  Use: Potion            |       |     1 |       ||     1
Armor: Scale mail        |     8 |     5 |     2 ||    15
Dodge: Dodged            |     6 |     5 |     2 ||    13
Block: Shield            |     8 |    11 |     8 ||    27
